 Dungeon Crawl Stone Soup version 0.18.1-50-g88ac8fd (webtiles) character file.

86 GFox the Shield-Bearer (level 4, 0/37 HPs)
             Began as a Formicid Fighter on Sept 14, 2016.
             Was an Initiate of Qazlal.
             Slain by a gnoll
             ... wielding a +0 whip
              (5 damage)
             ... on level 3 of the Dungeon.
             The game lasted 00:19:24 (2460 turns).

GFox the Shield-Bearer (Formicid Fighter)           Turns: 2460, Time: 00:19:25

Health: 0/37       AC:  8    Str: 21    XL:     4   Next: 77%
Magic:  4/4        EV:  4    Int:  8    God:    Qazlal [......]
Gold:   119        SH:  0    Dex: 10    Spells: 0 memorised, 3 levels left

rFire  . . .     SeeInvis +     a - +0 war axe
rCold  . . .     Gourm    .     b - +0 scale mail
rNeg   . . .     Faith    .     c - +0 shield
rPois  .         Spirit   .     (helmet unavailable)
rElec  .         Dismiss  .     (no cloak)
rCorr  .         Reflect  .     (no gloves)
SustAt .         Harm     .     i - +0 pair of boots
MR     .....                    (no amulet)
Stlth  ..........               (no ring)
                                (no ring)

@: held, not resistant to hostile enchantments, extremely unstealthy
A: permanent stasis, dig shafts and tunnels, four strong arms, antennae 3
a: Dig, Shaft Self, Renounce Religion


You were on level 3 of the Dungeon.
You worshipped Qazlal.
Qazlal was noncommittal.
You were not hungry.

You visited 1 branch of the dungeon, and saw 3 of its levels.

You collected 119 gold pieces.

Inventory:

Hand Weapons
 a - a +0 war axe (weapon)
Armour
 b - a +0 scale mail (worn)
 c - a +0 shield (worn)
 i - a +0 pair of boots (worn)
Scrolls
 g - a scroll of recharging {unknown}
 j - 2 scrolls of enchant weapon {unknown}
 k - 4 scrolls of remove curse {unknown}
 l - a scroll of fear {unknown}
 m - 4 scrolls of blinking {unknown}
 n - 4 scrolls of identify {unknown}
 p - 2 scrolls of immolation {unknown}
 r - a scroll of amnesia {unknown}
Potions
 d - 2 potions of might
 h - a potion of agility
Comestibles
 f - 6 bread rations
 s - a meat ration


   Skills:
 * Level 4.2 Fighting
 * Level 2.4 Axes
 * Level 3.7 Armour
 * Level 0.8 Dodging
 * Level 4.4 Shields


You had 3 spell levels left.
You didn't know any spells.

Dungeon Overview and Level Annotations

Branches:
Dungeon (3/15)

Altars:
Ashenzari
Qazlal
Sif Muna


Innate Abilities, Weirdness & Mutations

You are under a permanent stasis effect.
You can dig through walls and to a lower floor.
Your four strong arms can wield two-handed weapons with a shield.
You have a pair of large antennae on your head (SInv).


Message History

You block the gnoll's attack. x2
A gnoll comes into view. It is wielding a whip.
The gnoll shouts!
You slash the gnoll!
You kill the gnoll!
Qazlal accepts your kill. The gnoll hits you but does no damage.
The gnoll throws a throwing net.
The throwing net hits you.
You become entangled in the net!
The gnoll hits you from afar with a spear.
You struggle against the net.
The gnoll hits you but does no damage. The gnoll hits you with a whip.
You try to slip out of the net.
The gnoll hits you from afar with a spear.
The gnoll hits you with a whip!
* * * LOW HITPOINT WARNING * * *
You struggle against the net.
The gnoll hits you from afar with a spear.
* * * LOW HITPOINT WARNING * * *
The gnoll hits you with a whip.
You die...

#.# #.###
####.####
#...###
#.......#
###....
#.###.### #
##### # #.# .#
#.###.#
#.###.#... .##
#.....#.#.<...
...
###.g.@_...#
...
.##.###g#.## #
... #.##. ...
###
#.#........
...# ...
..#..####.
##.#
######.#..# ..
.. #
#.......#.. ..
#.#.รท##.#.
..>
###.#..##..


You could see 2 gnolls.

Vanquished Creatures
  An adder (D:3)
  A gnoll (D:3)
  A worm (D:2)
  2 dart slugs
  3 giant geckos
  A ball python (D:3)
  9 bats
  2 giant cockroaches (D:1)
  6 goblins
  5 hobgoblins
  9 jackals
  A quokka (D:3)
  4 giant newts
  3 kobolds (D:1)
  7 rats
55 creatures vanquished.

Notes
Turn   | Place    | Note
--------------------------------------------------------------
     0 | D:1      | GFox the Formicid Fighter began the quest for the Orb.
     0 | D:1      | Reached XP level 1. HP: 18/18 MP: 1/1
   190 | D:1      | Reached XP level 2. HP: 20/24 MP: 2/2
   331 | D:1      | Reached XP level 3. HP: 30/30 MP: 3/3
   771 | D:2      | Found a stormy altar of Qazlal.
   993 | D:2      | Reached XP level 4. HP: 33/37 MP: 4/4
  1306 | D:2      | Found a deep blue altar of Sif Muna.
  1505 | D:2      | Became a worshipper of Qazlal Stormbringer
  2438 | D:3      | Found a shattered altar of Ashenzari.
  2460 | D:3      | Slain by a gnoll

Skill      XL: |  1  2  3 |
---------------+----------+-----
Shields        | 4 |  4.4
Fighting       | 4 |  4.2
Axes           | |  2.4
Armour         | |  3.7
Dodging        | |  0.8

Action                   |  1- 3 |  4- 6 || total
-------------------------+-------+-------++-------
Melee: War axe           |   108 |    86 ||   194
  Use: Potion            |       |     3 ||     3
  Eat: Chunk             |     1 |       ||     1
       Meat ration       |       |     1 ||     1
Armor: Scale mail        |    70 |    39 ||   109
Dodge: Dodged            |    62 |    41 ||   103
Block: Shield            |    92 |    58 ||   150
